 Dungeon Crawl Stone Soup version 0.27.1-34-g3ba077fa99 (webtiles) character file.

Game seed: 1308833750934657689

173 Delamore the Covert (level 5, -1/34 HPs)
             Began as an Octopode Brigand on Feb 1, 2022.
             Slain by a bullfrog (5 damage)
             ... on level 4 of the Dungeon.
             The game lasted 00:02:16 (3404 turns).

Delamore the Covert (Octopode Brigand)              Turns: 3404, Time: 00:02:17

Health: -1/34      AC:  1    Str: 11    XL:     5   Next: 53%
Magic:  1/1        EV: 12    Int: 13    God:
Gold:   191        SH:  0    Dex: 14    Spells: 4/4 levels left

rFire    . . .     SeeInvis .   f - +1 short sword (antimagic)
rCold    . . .     Faith    .   (no shield)
rNeg     . . .     Spirit   .   (helmet restricted)
rPois    .         Reflect  .   (no amulet)
rElec    .         Harm     .   (no ring)
rCorr    .         Rampage  .   (no ring)
Will     .....                  (no ring)
Stlth    +++++.....             (no ring)
HPRegen  0.11/turn              (no ring)
MPRegen  0.07/turn              (no ring)
                                (no ring)
                                (no ring)

@: hasted, very quick
A: almost no armour, amphibious, 8 rings, camouflage 1, gelatinous body 1,
(nimble swimmer 1), tentacles
a: no special abilities


You were on level 4 of the Dungeon.
You visited 1 branch of the dungeon, and saw 4 of its levels.

You collected 191 gold pieces.

Inventory:

Hand Weapons
 a - a +2 dagger
 f - a +1 antimagic short sword (weapon)
Missiles
 b - 8 poisoned darts (quivered)
 c - 2 curare-tipped darts
 d - 5 datura-tipped darts
 n - 7 boomerangs
Scrolls
 h - 2 scrolls of amnesia
 j - 2 scrolls of silence
 m - a scroll of enchant armour {unknown}
 o - a scroll of brand weapon {unknown}
Potions
 e - 2 potions of attraction
 g - a potion of ambrosia {unknown}
 i - a potion of haste
 l - a potion of cancellation {unknown}
 p - a potion of might {unknown}


   Skills:
 - Level 2.0 Fighting
 + Level 3.4 Short Blades
 - Level 2.0 Throwing
 - Level 1.0 Dodging
 * Level 8.2 Stealth


You had 4 spell levels left.
You didn't know any spells.
Your spell library contained the following spells:

 Spells                   Type           Power      Damage    Failure   Level
 Animate Skeleton         Necr           0%         N/A       30%         1
 Apportation              Tloc           0%         N/A       30%         1
 Corona                   Hex            0%         N/A       30%         1
 Summon Small Mammal      Summ           0%         N/A       30%         1


Dungeon Overview and Level Annotations

Branches:
Dungeon (4/15)
 Temple: D:4-7

Altars:
Ashenzari


Innate Abilities, Weirdness & Mutations

You cannot wear most types of armour.
You are amphibious.
You can wear up to eight rings at the same time.
Your skin changes colour to match your surroundings (Stealth+).
Your rubbery body absorbs attacks. (AC +1, EV +1)
((You are camouflaged near water. (Stealth+)))
You have tentacles for arms and can constrict up to eight enemies at once.


Message History

The orc wizard's magic leaks into the air.
Your grab misses the orc wizard.
The orc wizard is lightly wounded.
The orc wizard hits you with a +0 dagger.
The orc throws a boomerang.
The boomerang misses you.
You hit the orc wizard.
The orc wizard's magic leaks into the air.
You grab the orc wizard. You squeeze the orc wizard.
The orc wizard is severely wounded.
You constrict the orc wizard. The orc hits you with a +0 whip.
The orc wizard hits you with a +0 dagger.
You hit the orc wizard.
The orc wizard's magic leaks into the air.
The orc wizard is almost dead.
You constrict the orc wizard. The bullfrog hits you.
The orc closely misses you.
The orc wizard hits you with a +0 dagger.
The bullfrog hits you.
You are too injured to fight recklessly!
You are too injured to fight recklessly!
You are too injured to fight recklessly!
You are too injured to fight recklessly!
You are too injured to fight recklessly!
You are too injured to fight recklessly!
You are too injured to fight recklessly!
You are too injured to fight recklessly!
You are too injured to fight recklessly!
You are too injured to fight recklessly!
You are too injured to fight recklessly!
You are too injured to fight recklessly!
You are too injured to fight recklessly!
You release your grip on the orc wizard.
The bullfrog hits you!
* * * LOW HITPOINT WARNING * * *
As you read the scroll labelled BAZXOM ODEREGG, it crumbles to dust.
It is a scroll of identify.
e - 2 potions of attraction The bullfrog closely misses you.
It was a potion of haste.
You feel yourself speed up. The bullfrog hits you.
You die...

..†..#...#......#
..#.##...#......####.#
..._.....#...........#
..#.#................# .
.....................#..
........[.............
....................#
....................+
#####...........@...#
######.....F###+####
............oo.......
...........##.o......
...........##........
.########...#........
+...+.....$..
#...#........
#...######+#.


You could see a bullfrog and an orc.

Vanquished Creatures
  A centaur skeleton (D:4)
  A scorpion zombie (D:3)
  A hound skeleton (D:3)
  An adder (D:2)
  An ufetubus (D:4)
  An adder skeleton (D:4)
  A worm (D:3)
  5 orcs (D:3)
  7 bats
  8 endoplasms
  3 giant cockroaches
  4 goblins
  8 hobgoblins
  5 jackals
  10 kobolds
  2 quokkas
  8 ball pythons
  6 frilled lizards
  4 rats
77 creatures vanquished.

Notes
Turn   | Place    | Note
-------+----------+-------------------------------------------
     0 | D:1      | Delamore the Octopode Brigand began the quest for the Orb.
     0 | D:1      | Reached XP level 1. HP: 14/14 MP: 1/1
   253 | D:1      | Reached XP level 2. HP: 12/19 MP: 2/2
   453 | D:1      | Reached skill level 6 in Stealth
   667 | D:1      | Reached XP level 3. HP: 15/24 MP: 1/3
  1771 | D:2      | Found a faded altar of an unknown god.
  1799 | D:2      | Reached XP level 4. HP: 29/29 MP: 1/4
  1814 | D:2      | Reached skill level 7 in Stealth
  2448 | D:3      | Reached XP level 5. HP: 12/34 MP: 1/5
  3298 | D:4      | Found a broken altar of Ashenzari.
  3300 | D:4      | Reached skill level 8 in Stealth
  3404 | D:4      | Slain by a bullfrog

Illustrated notes

Levels and vault maps discovered:
D:1:      grunt_arrival_lava_bath, layout_rooms, serial_bayou_pond_d
D:2:      wander_river, layout_loops_ring, basic_ecumenical_altar,
          minmay_octomino_j4
D:3:      layout_basic
D:4:      layout_basic, ashenzari_altar_1, mainiacjoe_overflow_surrounded_room

Skill      XL: |  1  2  3  4  5 |
---------------+----------------+-----
Stealth        | 6 7 8 |  8.2
Short Blades   | 3 |  3.4
Fighting       | |  2.0
Throwing       | |  2.0
Dodging        | |  1.0

Action                   |  1- 3 |  4- 6 || total
-------------------------+-------+-------++-------
Melee: Dagger            |    38 |       ||    38
       Constrict         |    15 |    19 ||    34
       Tentacles         |    11 |     9 ||    20
       Short sword       |    38 |    83 ||   121
  Use: Scroll            |     2 |     2 ||     4
       Potion            |       |     1 ||     1
 Stab: Sleeping          |    15 |     9 ||    24
       Distracted        |       |     1 ||     1
Armor: Skin              |    10 |     2 ||    12
Dodge: Dodged            |    43 |    41 ||    84
